AoeStats
← Ebrio

Nomad

509498279Analyzed
3v3 RM · 6d ago on Sep 27, 2026· 45m 44s· 6 players
Game mode
Random Map
Map size
210×210
Population
200
Speed
Normal
Resources
Standard
Victory
Conquest
Starting age
Dark Age
Ending age
Imperial Age
RankedLock teamsTeams togetherTeam positionsShared explorationLock speedFull tech treeHidden civsTurbo modeCheats
Victory
Defeat
🇧🇷 Franks · Brazil
867
+15
🇦🇷 Persians · Argentina
836
+17
🇧🇷 Gurjaras · Brazil
718
+22
🇲🇽 Celts · Mexico
867
-52
🇦🇹 Franks · Austria
847
-18
🇺🇸 Spanish · United States
819
-17
Dio Brando
12:27 Loom
15:08 Feudal Age
20:30 Castle Age
18:44 Horse Collar
21:13 Double-Bit Axe
21:54 Fletching
22:53 Bow Saw
25:38 Bodkin Arrow
29:37 Murder Holes
30:16 Heavy Plow
31:58 Padded Archer Armor
32:22 Bloodlines
34:29 Ballistics
36:05 Masonry
40:41 Imperial Age
lordwhite
5:10 Loom
14:23 Feudal Age
15:57 Wheelbarrow
16:44 Double-Bit Axe
17:17 Horse Collar
36:43 Forging
36:34 Padded Archer Armor
36:25 Fletching
44:49 Scale Mail Armor
Law
7:42 Loom
14:44 Feudal Age
15:25 Double-Bit Axe
19:18 Wheelbarrow
20:57 Castle Age
19:34 Wheelbarrow
19:03 Gold Mining
20:23 Stone Mining
23:00 Bow Saw
23:31 Gold Shaft Mining
23:06 Scale Barding Armor
23:01 Scale Mail Armor
23:44 Husbandry
25:34 Hand Cart
29:18 Town Watch
29:59 Pikeman
30:39 Squires
38:28 Imperial Age
36:03 Town Patrol
39:32 Cavalier
40:36 Chain Barding Armor
41:24 Ordonnance Companies
43:17 Plate Barding Armor
44:09 Paladin
44:13 Light Cavalry
lucas.glsiqueira
3:16 Loom
17:22 Feudal Age
19:22 Wheelbarrow
18:49 Man-at-Arms
21:26 Double-Bit Axe
21:41 Fishing Lines
22:26 Town Watch
23:58 Stone Mining
23:58 Gold Mining
24:17 Gold Mining
24:41 Horse Collar
27:35 Bloodlines
28:08 Scale Barding Armor
28:14 Forging
30:51 Castle Age
31:29 Scale Mail Armor
31:35 Elite Skirmisher
33:29 Chain Barding Armor
33:45 Iron Casting
34:14 Husbandry
35:10 Stone Shaft Mining
35:11 Gold Shaft Mining
35:22 Hand Cart
36:00 Padded Archer Armor
39:26 Long Swordsman
40:58 Treadmill Crane
41:16 Murder Holes
41:37 Clinker Construction
43:14 Chain Mail Armor
44:04 Heated Shot
drdiegogusmao
5:42 Loom
17:18 Feudal Age
18:14 Double-Bit Axe
18:22 Fishing Lines
21:07 Wheelbarrow
20:26 Gold Mining
20:27 Stone Mining
21:35 Forging
21:26 Scale Mail Armor
24:55 Castle Age
24:00 Scale Barding Armor
24:45 Padded Archer Armor
24:36 Fletching
24:38 Arson
25:55 Bow Saw
25:33 Town Watch
26:04 Hand Cart
26:15 Caravan
26:46 Coinage
26:25 Gillnets
27:46 Iron Casting
28:53 Demolition Ship
30:27 Chain Mail Armor
30:42 Town Patrol
30:55 Husbandry
33:03 Chain Barding Armor
34:14 Gold Shaft Mining
34:28 Leather Archer Armor
34:09 Bodkin Arrow
42:18 Imperial Age
39:34 Light Cavalry
41:22 Masonry
40:52 Treadmill Crane
41:34 Ballistics
43:39 Plate Barding Armor
43:34 Plate Mail Armor
44:07 Blast Furnace
43:42 Architecture
44:14 Chemistry
44:08 Squires
43:53 Gambesons
43:31 Pikeman
43:48 Cavalier
45:09 Banking
45:24 Siege Engineers
45:16 Murder Holes
46:37 Conscription
46:17 Chivalry
Ebrio
4:53 Loom
18:40 Feudal Age
23:02 Castle Age
22:39 Fletching
43:54 Pikeman
Connection lost

Rejoining the realm…

Still unreachable

The connection could not be restored.

Session expired

The server has moved on; the page needs a fresh start.